 Dungeon Crawl Stone Soup version 0.31.0-12-g77e489cdc1 (webtiles) character file.

Game seed: 10678369532611231256

58876 GameOver the Black Sun (level 14, -3/117 HPs)
             Began as a Naga Alchemist on Feb 12, 2024.
             Was a High Priest of Kikubaaqudgha.
             Slain by a +2 vampiric demon whip (16 damage)
             ... on level 12 of the Dungeon on Feb 14, 2024.
             The game lasted 04:07:48 (16239 turns).

GameOver the Black Sun (Naga Alchemist)            Turns: 16239, Time: 04:07:48

Health: -3/117     AC: 14    Str: 13    XL:     14   Next: 92%
Magic:  32/40      EV: 14    Int: 26    God:    Kikubaaqudgha [*****.]
Gold:   1407       SH:  0    Dex: 11    Spells: 5/39 levels left

rFire   . . .        S - staff of a Thousand Things {rPois rC+ Stlth+ Ice Air}
rCold   + . .        (no shield)
rNeg    . . .        V - +0 troll leather armour
rPois   +            u - +0 helmet
rElec   .            T - +2 cloak {Will+}
rCorr   .            h - +2 pair of gloves {Str+3}
SInv    +            (no barding)
Will    ++...        Y - amulet of Doetegiq {RegenMP Int+4}
Stlth   +++          g - +5 ring of evasion
HPRegen 1.19/turn    E - ring of magical power
MPRegen 0.67/turn

%: no passive effects
@: confused, death channelling, ambrosia-drunk, very slow
A: AC +4, large, see invisible, deformed body, poison resistance, slowness 2,
spit poison 1, naga tail 2
a: Spit Poison, Renounce Religion, Unearth Wretches, Torment


You were on level 12 of the Dungeon.
You worshipped Kikubaaqudgha.
Kikubaaqudgha was extremely pleased with you.
You visited 4 branches of the dungeon, and saw 19 of its levels.
You also visited: Ossuary and Gauntlet.

You collected 2338 gold pieces.
You spent 931 gold pieces at shops.

Inventory:

Hand Weapons
 w - a +3 dagger of pain
 N - a +3 vampiric long sword
Armour
 h - a +2 pair of gloves of strength (worn)
 l - the +5 Storm Queen's Shield {shock, Fly rElec}
   (You found it on level 2 of the Lair of Beasts)

   Shock:     When it blocks an attack, it may electrocute the attacker.
   This works even against foes who are a short distance away.
   rElec:     It insulates you from electricity.
   Fly:       It grants you flight.
 u - a +0 helmet (worn)
 T - a +2 cloak of willpower (worn)
 V - a +0 troll leather armour (worn)
Magical Staves
 m - a staff of death
 s - a staff of alchemy
 S - the staff of a Thousand Things (weapon) {rPois rC+ Stlth+ Ice Air}
   (You found it in a Gauntlet)

   [staff of cold]

   Base accuracy: +5 Base damage: 5 Base attack delay: 1.2 This weapon's minimum
   attack delay (0.6) is reached at skill level 12.
   rC+:       It protects you from cold.
   rPois:     It protects you from poison Stlth+: It makes you more stealthy.
   Ice:       It increases the power of your Ice spells.
   Air:       It increases the power of your Air spells.
   It falls into the 'Staves' category.
   It is a one-handed weapon.
Jewellery
 g - a +5 ring of evasion (left hand)
 B - a ring of flight
 E - a ring of magical power (right hand)
 Y - the amulet of Doetegiq (around neck) {RegenMP Int+4}
   (You found it in a Gauntlet)

   [amulet of magic regeneration]

   RegenMP:   It increases your rate of magic regeneration.
   Int+4:     It affects your intelligence (+4).
 Z - the amulet "Joeb Paa" {Acrobat Rampage Str+3 Dex+2}
   (You found it on level 4 of the Lair of Beasts)

   [amulet of the acrobat]

   Acrobat:   It increases your evasion while moving and waiting.
   Str+3:     It affects your strength (+3).
   Dex+2:     It affects your dexterity (+2).
   Rampage:   It bestows one free step when moving towards enemies.
Wands
 t - a wand of charming (8)
 I - a wand of digging (4)
 O - a wand of iceblast (2)
 P - a wand of flame (17)
 Q - a wand of polymorph (7)
 U - a wand of mindburst (1)
 X - a wand of quicksilver (1)
Scrolls
 a - 2 scrolls of silence
 d - a scroll of immolation
 e - 3 scrolls of amnesia
 f - 2 scrolls of blinking
 i - 4 scrolls of fear
 j - 5 scrolls of enchant weapon
 k - 5 scrolls of vulnerability
 o - a scroll of revelation
 p - 4 scrolls of fog
 y - 5 scrolls of teleportation
 C - a scroll of acquirement {unknown}
 D - a scroll of poison {unknown}
 F - a scroll of enchant armour {unknown}
 G - 2 scrolls of brand weapon
 L - 3 scrolls of torment
Potions
 b - 2 potions of magic
 c - 2 potions of attraction
 n - a potion of lignification
 q - 2 potions of degeneration {unknown}
 r - 3 potions of might
 v - 2 potions of ambrosia
 x - 9 potions of curing
 z - 6 potions of brilliance {unknown}
 A - a potion of mutation {unknown}
 H - a potion of heal wounds
 J - a potion of resistance {unknown}
 K - a potion of enlightenment {unknown}
 M - 2 potions of berserk rage {unknown}
 R - a potion of haste {unknown}


   Skills:
 - Level 5.0 Fighting
 * Level 5.4 Short Blades
 - Level 5.0 Armour
 - Level 1.5 Dodging
 - Level 12.0 Stealth
 + Level 13.1 Spellcasting
 - Level 5.0 Conjurations
 + Level 13.1 Necromancy
 - Level 5.0 Translocations
 - Level 5.0 Fire Magic
 - Level 5.0 Air Magic
 * Level 10.1 Alchemy


You had 5 spell levels left.
You knew the following spells:

 Your Spells              Type           Power      Damage    Failure   Level
a - Sting                 Conj/Alch      100%       1d9       1%          1
b - Blink                 Tloc           86%        N/A       1%          2
c - Dispel Undead         Necr           71%        3d24      1%          4
d - Mephitic Cloud        Conj/Alch/Air  67%        N/A       1%          3
e - Sublimation of Blood  Necr           71%        N/A       1%          2
q - Fulminant Prism       Conj/Alch      27%        3d14      1%          4
s - Sticky Flame          Fire/Alch      54%        2d10      1%          4
A - Olgreb's Toxic Radia  Alch           62%        N/A       1%          4
D - Martyr's Knell        Necr/Summ      50%        N/A       2%          4
S - Death Channel         Necr           35%        N/A       2%          6

Your spell library contained the following spells:

 Spells                   Type           Power      Damage    Failure   Level
 Kiss of Death            Conj/Necr      100%       2d13      1%          1
 Magic Dart               Conj           100%       1d8       1%          1
 Necrotise                Necr           100%       1d9       1%          1
 Cigotuvi's Dreadful Rot  Necr/Alch/Air  100%       N/A       1%          2
 Mercury Vapours          Alch/Air       100%       N/A       1%          2
 Searing Ray              Conj           86%        2d7       1%          2
 Static Discharge         Conj/Air       100%       3-8/arc   1%          2
 Fugue of the Fallen      Necr           71%        N/A       1%          3
 Volatile Blastmotes      Fire/Tloc      86%        2d17      1%          3
 Ignite Poison            Fire/Alch      54%        N/A       1%          4
 Anguish                  Hex/Necr       25%        N/A       2%          4
 Hailstorm                Conj/Ice       45%        3d10      4%          3
 Airstrike                Air            29%        2d(5-21)  5%          4
 Iskenderun's Mystic Bla  Conj/Tloc      43%        2d10      5%          4
 Call Imp                 Summ           34%        N/A       6%          2
 Summon Ice Beast         Ice/Summ       25%        N/A       12%         3
 Brom's Barrelling Bould  Conj/Erth      30%        2d5       14%         4
 Summon Lightning Spire   Summ/Air       45%        N/A       14%         4
 Fireball                 Conj/Fire      21%        3d10      14%         5
 Iskenderun's Battlesphe  Conj           43%        2d9       14%         5
 Freezing Cloud           Conj/Ice/Air   33%        6-21      28%         5
 Animate Armour           Summ/Erth      34%        N/A       38%         4
 Lee's Rapid Deconstruct  Erth           8%         3d7*      75%         5
 Sculpt Simulacrum        Ice/Alch       30%        N/A       61%         6
 Conjure Ball Lightning   Conj/Air       29%        3x3d8     63%         6
 Borgnjor's Revivificati  Necr           35%        N/A       77%         8
 Infestation              Necr           35%        N/A       77%         8
 Haunt                    Necr/Summ      25%        N/A       93%         7
 Orb of Destruction       Conj           21%        9d8       99%         7
 Death's Door             Necr           35%        N/A       100%        9


Dungeon Overview and Level Annotations

Branches:
Dungeon (12/15)            Temple (1/1) D:4            Lair (4/5) D:10
 Shoals (0/4) Lair:2       Spider (0/4) Lair:3        Slime (0/5) Lair:4
    Orc (2/2) D:10            Elf (0/3) Orc:2       Ossuary (visited)
Gauntlet (visited)

Altars:
Ashenzari
Cheibriados
Dithmenos
Elyvilon
Fedhas
Gozag
Hepliaklqana
Kikubaaqudgha
Makhleb
Nemelex Xobeh
Okawaru
Qazlal
Ru
Sif Muna
Trog
Uskayaw
Vehumet
Wu Jian
Xom
Yredelemnul
Zin
The Shining One

Shops:
D:6 *   D:7 (*(   D:10 [   Orc:2 [(*:


Innate Abilities, Weirdness & Mutations

Your serpentine skin is tough. (AC +4)
You have supernaturally acute eyesight. (SInv)
Armour fits poorly on your strangely shaped body.
Your system is resistant to poisons. (rPois)
You cover ground very slowly.
You can spit poison.
You can use your snake-like lower body to constrict enemies.


Message History

Unknown command.
You are confused.
You feel invigorated.
The +2 vampiric demon whip burns!
The +2 vampiric demon whip hits you!
* * * LOW HITPOINT WARNING * * *
The +2 vampiric demon whip hits you but does no damage.
The +2 vampiric demon whip burns!
The +2 vampiric demon whip hits you!
* * * LOW HITPOINT WARNING * * *
The +2 vampiric demon whip draws strength from your wounds!
The +2 vampiric demon whip hits you!
* * * LOW HITPOINT WARNING * * *
You feel much better. The +2 vampiric demon whip hits you.
* * * LOW HITPOINT WARNING * * *
The +2 vampiric demon whip hits you!
* * * LOW HITPOINT WARNING * * *
The +2 vampiric demon whip draws strength from your wounds!
Unknown command.
You're too confused to cast spells.
You cannot move. (Use ctrl+direction or * direction to attack while stationary and confused.)
You hit the +2 vampiric demon whip but do no damage.
You feel less wooden.
Your +2 cloak of willpower unmelds from your body.
Your +0 helmet unmelds from your body.
Your +2 pair of gloves of strength unmelds from your body.
Your +0 troll leather armour unmelds from your body.
You feel strong-willed.
You feel stronger.
The +2 vampiric demon whip burns! x2; The +2 vampiric demon whip hits you!
* * * LOW HITPOINT WARNING * * *
The +2 vampiric demon whip draws strength from your wounds!
The +2 vampiric demon whip misses you.
Unknown command.
You're too confused to cast spells.
Unknown command.
You hit your spectral four-headed hydra but do no damage.
The +2 vampiric demon whip burns!
The +2 vampiric demon whip hits you.
* * * LOW HITPOINT WARNING * * *
The +2 vampiric demon whip hits you!
You die...
Kikubaaqudgha rasps: "You have failed me!
Welcome... death!"

#... #.. #
#.. #. #..
#.##[# #####
#.†..##.....
#..ZZ#......
#@#......
#†()..⌠..
#.#†.....
#†#......
#†##.....
#.#######
#......##..#
#......##..#
#......##..#


You could see a +2 vampiric demon whip (burning, ally target), a friendly
spectral four-headed hydra and a friendly spectral goblin.

Vanquished Creatures
  Saint Roka (Orc:2)
  An orc warlord (Orc:2)
  A minotaur (Gauntlet)
  Fannar (D:10)
  2 hydras
  A boulder beetle (D:11)
  An ogre mage (Orc:2)
  The ghost of DildoBatman the Geomancer, a journeyman FoCj of Gozag (D:11)
  2 centaur warriors
  3 two-headed ogres (Orc:2)
  2 dancing weapons (D:12)
  An orc high priest (Orc:2)
  A skyshark (Lair:3)
  Lodul (D:10)
  A deep elf pyromancer (D:12)
  A harpy (Lair:2)
  4 orc knights (Orc:2)
  2 oklob plants
  4 orc sorcerers
  2 cyclopes
  An ugly thing (D:11)
  A manticore (D:12)
  A moth of wrath (Gauntlet)
  4 kobold blastminers (Orc:2)
  The ghost of Mrcake the Chopper, a novice HOBe of Trog (D:5)
  A meliai (shapeshifter) (D:12)
  6 cane toads
  2 unseen horrors (D:12)
  3 rime drakes
  A kobold demonologist (D:11)
  7 komodo dragons
  A polar bear (Lair:3)
  6 trolls
  3 hornets
  Grinder (D:5)
  6 dream sheep (Lair:3)
  A slime creature (Lair:1)
  4 wraiths
  A vampire (D:12)
  7 wyverns
  45 yaks
  A fire bat (D:10)
  2 basilisks (Lair:4)
  A steam dragon (Lair:4)
  6 wargs
  2 redbacks (Gauntlet)
  6 vampire mosquitoes
  Menkaure (D:5)
  3 swamp worms (Gauntlet)
  15 water moccasins
  A hell hound (D:10)
  4 acid dragons
  6 black bears
  33 orc warriors
  5 sky beasts
  3 wolves (D:10)
  14 ogres
  2 centaurs
  6 phantoms (D:8)
  A kobold brigand (D:6)
  12 bullfrogs
  11 scorpions
  7 wights
  9 killer bees (D:9)
  5 howler monkeys
  An electric eel (Lair:1)
  7 centaur zombies (D:8)
  4 hounds
  3 bombardier beetles
  A gnoll bouda (D:9)
  17 orc priests
  10 jellies
  3 iguanas
  22 orc wizards
  5 scorpion zombies (D:8)
  7 sleepcaps
  4 hell rats (Lair:2)
  4 killer bee zombies (D:8)
  7 mummies
  Robin (D:4)
  10 adders
  4 gnolls
  6 shadow imps (D:8)
  3 white imps
  6 dart slugs
  3 ribbon worms (Lair:3)
  69 orcs
  23 endoplasms
  5 giant cockroaches
  13 goblins
  5 hobgoblins
  4 jackals (D:4)
  15 kobolds
  A quokka (D:3)
  6 ball pythons
  3 bats
  2 gnoll zombies (Ossuary)
  2 orc zombies (Ossuary)
  11 rats
  7 fulminant prisms
586 creatures vanquished.

Vanquished Creatures (collateral kills)
  A hydra (Lair:2)
  A catoblepas (Lair:2)
  3 harpies (Lair:2)
  A deep elf pyromancer (D:12)
  A gargoyle (D:12)
  2 cane toads (Lair:2)
  A komodo dragon (Lair:2)
  A troll (D:12)
  A wraith (D:12)
  A steam dragon (Lair:2)
  13 yaks
  A basilisk (Lair:1)
  A vampire mosquito (D:12)
  2 water moccasins (Lair:2)
  2 orc warriors (Orc:2)
  3 bullfrogs (Lair:2)
  3 orc priests
  3 hell rats (Lair:2)
  A mummy (Ossuary)
  3 orcs
  An endoplasm (Lair:1)
  4 orc zombies (Ossuary)
50 creatures vanquished.

Vanquished Creatures (others)
  A yak (Lair:2)
  An orc warrior (Orc:2)
  A mummy (Ossuary)
  An adder (D:12)
  60 fulminant prisms
64 creatures vanquished.

Grand Total: 700 creatures vanquished

Notes
Turn   | Place    | Note
-------+----------+-------------------------------------------
     0 | D:1      | GameOver the Naga Alchemist began the quest for the Orb.
     0 | D:1      | Reached XP level 1. HP: 15/15 MP: 3/3
   203 | D:1      | Reached XP level 2. HP: 15/22 MP: 3/5
   850 | D:2      | Reached XP level 3. HP: 27/28 MP: 1/6
   854 | D:2      | Learned a level 3 spell: Mephitic Cloud
  1127 | D:2      | Reached XP level 4. HP: 34/36 MP: 3/7
  1153 | D:2      | Identified the +2 leather armour "Qumurua" {Dex+4 Stlth+}
  1171 | D:2      | Found a hazy altar of Hepliaklqana.
  1509 | D:2      | Reached skill level 5 in Stealth
  1512 | D:2      | Reached skill level 5 in Alchemy
  1512 | D:2      | Reached XP level 5. HP: 20/42 MP: 1/8
  1743 | D:3      | Found an ornate altar of the Wu Jian Council.
  1797 | D:3      | Found a glowing golden altar of the Shining One.
  1989 | D:4      | Learned a level 4 spell: Olgreb's Toxic Radiance
  2061 | D:4      | Found a staircase to the Ecumenical Temple.
  2080 | Temple   | Entered the Ecumenical Temple
  2085 | Temple   | Became a worshipper of Kikubaaqudgha
  2157 | D:4      | Noticed Robin
  2202 | D:4      | Killed Robin
  2203 | D:4      | Reached XP level 6. HP: 39/49 MP: 6/10
  2836 | D:5      | Entered Level 5 of the Dungeon
  2836 | D:5      | Found a radiant altar of Vehumet.
  2901 | D:5      | Reached XP level 7. HP: 27/55 MP: 11/11
  2919 | D:5      | Found a sand-covered staircase.
  2928 | Ossuary  | Entered an ossuary
  2953 | Ossuary  | Reached * piety under Kikubaaqudgha
  2953 | Ossuary  | Received a gift from Kikubaaqudgha
  2977 | Ossuary  | Learned a level 4 spell: Sticky Flame
  3454 | D:5      | Reached skill level 1 in Fire Magic
  3643 | D:5      | Found a bloodstained altar of Trog.
  3652 | D:5      | Found a runed translucent door.
  3667 | D:5      | Found a hazy altar of Hepliaklqana.
  3715 | D:5      | Noticed Grinder
  3728 | D:5      | Killed Grinder
  3729 | D:5      | Reached XP level 8. HP: 62/62 MP: 7/14
  3877 | D:5      | Noticed Menkaure
  4163 | D:5      | Killed Menkaure
  4382 | D:5      | Noticed Mrcake's ghost (novice HOBe)
  4833 | D:6      | Reached XP level 9. HP: 68/68 MP: 5/15
  5232 | D:6      | Reached skill level 5 in Fire Magic
  5267 | D:6      | Found Tesedav's Assorted Antiques.
  5348 | D:6      | Bought a scroll labelled NUOTIFYUME for 26 gold pieces
  5348 | D:6      | Bought a scroll labelled DOCEBR YLEU for 26 gold pieces
  5348 | D:6      | Bought a scroll labelled PIFOPR HO QOL for 26 gold pieces
  5348 | D:6      | Bought a coppery potion for 23 gold pieces
  5348 | D:6      | Bought a translucent robe for 148 gold pieces
  5348 | D:6      | Identified the +0 robe of the Lost Ghosts {-Tele Str+3
                  | Int-3 Slay+2 Stlth+} (You bought it in a shop on level 6 of
                  | the Dungeon)
  5348 | D:6      | Bought a glowing cloak for 195 gold pieces
  5383 | D:7      | Found Geddeasu's Antique Weapon Shop.
  5383 | D:7      | Found Diamainy's General Store.
  5383 | D:7      | Found Gykusah's Antique Weapon Shop.
  5499 | D:7      | Reached skill level 1 in Air Magic
  5513 | D:7      | Learned a level 4 spell: Fulminant Prism
  5561 | D:7      | Reached ** piety under Kikubaaqudgha
  5573 | D:7      | Reached skill level 5 in Spellcasting
  5573 | D:7      | Reached skill level 1 in Necromancy
  5786 | D:7      | Bought a scroll of brand weapon for 142 gold pieces
  5786 | D:7      | Bought a scroll of fear for 60 gold pieces
  5786 | D:7      | Bought a potion of heal wounds for 75 gold pieces
  5816 | D:7      | Found a shadowy altar of Dithmenos.
  5876 | D:7      | Found a snail-covered altar of Cheibriados.
  5878 | D:7      | Found a white marble altar of Elyvilon.
  5890 | D:7      | Found a basalt altar of Yredelemnul.
  6544 | D:8      | Reached XP level 10. HP: 75/75 MP: 14/18
  6648 | D:7      | Reached skill level 5 in Conjurations
  6692 | D:7      | Bought a scroll of identify for 30 gold pieces
  6787 | D:8      | Reached *** piety under Kikubaaqudgha
  6787 | D:8      | Received a gift from Kikubaaqudgha
  6793 | D:8      | Learned a level 4 spell: Dispel Undead
  6926 | D:8      | Reached skill level 10 in Stealth
  7143 | D:8      | Reached skill level 5 in Air Magic
  7154 | D:8      | You fall into a shaft and drop 1 floor!
  7516 | D:8      | Reached **** piety under Kikubaaqudgha
  7567 | D:8      | Identified the +2 rapier of Linearity {venom, Int+3}
  7576 | D:8      | Identified the +8 plate armour of Gluttony {Will+ Str+3
                  | Dex-5}
  7845 | D:9      | Reached skill level 10 in Alchemy
  8132 | D:10     | Entered Level 10 of the Dungeon
  8161 | D:10     | Found Romeb's Armour Shoppe.
  8170 | D:10     | Reached XP level 11. HP: 81/81 MP: 21/21
  8231 | D:10     | Reached skill level 5 in Necromancy
  8249 | D:10     | Noticed Fannar
  8277 | D:10     | Killed Fannar
  8386 | D:10     | Reached ***** piety under Kikubaaqudgha
  8399 | D:10     | Learned a level 2 spell: Blink
  8475 | D:10     | Found a staircase to the Lair.
  8483 | D:10     | Found a staircase to the Orcish Mines.
  8645 | D:10     | Noticed a centaur warrior
  8661 | D:10     | Killed a centaur warrior
  8662 | D:10     | Reached skill level 1 in Translocations
  8667 | D:10     | Noticed Lodul
  8681 | D:10     | Killed Lodul
  8703 | D:10     | Found a sparkling altar of Nemelex Xobeh.
  8775 | D:10     | Found a shimmering altar of Xom.
  8857 | Orc:1    | Entered Level 1 of the Orcish Mines
  9146 | Orc:2    | Entered Level 2 of the Orcish Mines
  9146 | Orc:2    | Noticed a cyclops
  9158 | Orc:2    | Killed a cyclops
  9159 | Orc:2    | Reached XP level 12. HP: 88/88 MP: 24/24
  9209 | Orc:2    | Noticed a two-headed ogre
  9211 | Orc:2    | Noticed a two-headed ogre
  9229 | Orc:2    | Killed a two-headed ogre
  9230 | Orc:2    | Reached skill level 5 in Translocations
  9386 | Orc:2    | Noticed an ogre mage
  9391 | Orc:2    | Paralysed by an ogre mage for 2 turns
  9396 | Orc:2    | Killed an ogre mage
  9404 | Orc:2    | Noticed an orc high priest
  9505 | Orc:2    | Killed an orc high priest
  9506 | Orc:2    | Reached skill level 10 in Spellcasting
  9546 | Orc:2    | Noticed a two-headed ogre
  9634 | Orc:2    | Killed a two-headed ogre
  9645 | Orc:2    | Killed a two-headed ogre
  9646 | Orc:2    | Reached skill level 10 in Necromancy
  9653 | Orc:2    | Learned a level 6 spell: Death Channel
  9658 | Orc:2    | Learned a level 4 spell: Martyr's Knell
  9788 | Orc:2    | Noticed Saint Roka
  9861 | Orc:1    | Reached ****** piety under Kikubaaqudgha
 10085 | D:7      | Gained mutation: You can use your snake-like lower body to
                  | constrict enemies. [Naga growth]
 10085 | D:7      | Reached XP level 13. HP: 94/94 MP: 27/27
 10324 | Lair:1   | Entered Level 1 of the Lair of Beasts
 10366 | Lair:1   | Found a gate leading to a gauntlet.
 10375 | Gauntlet | Entered a Gauntlet
 10375 | Gauntlet | Found a transporter.
 10375 | Gauntlet | Found a transporter.
 10375 | Gauntlet | Found a transporter.
 10377 | Gauntlet | Found a transporter.
 10380 | Gauntlet | Found a transporter.
 10388 | Gauntlet | Found a transporter.
 10395 | Gauntlet | Found a transporter.
 10395 | Gauntlet | Found a transporter.
 10398 | Gauntlet | Found a transporter.
 10398 | Gauntlet | Found a transporter.
 10418 | Gauntlet | Found a transporter.
 10419 | Gauntlet | Found a transporter.
 10755 | Gauntlet | Reached skill level 1 in Fighting
 10766 | Gauntlet | Identified the staff of a Thousand Things {rPois rC+ Stlth+
                  | Ice Air}
 10863 | Gauntlet | Reached skill level 1 in Armour
 10875 | Gauntlet | Identified the amulet of Doetegiq {RegenMP Int+4}
 10924 | Gauntlet | Noticed a minotaur
 10957 | Gauntlet | Killed a minotaur
 11446 | Lair:1   | Identified the +4 flail "Joymnace" {elec, Fly}
 11577 | Lair:1   | Identified the +12 crystal plate armour of Indomitability
                  | {rPois}
 11633 | Lair:1   | Received a gift from Kikubaaqudgha (forbidden knowledge)
 12160 | Lair:2   | Found a staircase to the Shoals.
 12455 | Lair:2   | Found the +5 Storm Queen's Shield {shock, Fly rElec}
 12849 | Lair:3   | Reached skill level 5 in Armour
 12980 | Lair:3   | Reached skill level 1 in Short Blades
 13043 | Lair:3   | Reached XP level 14. HP: 89/115 MP: 29/29
 13272 | Lair:3   | Found a hole to the Spider Nest.
 13469 | Lair:4   | Reached skill level 5 in Fighting
 13767 | Lair:4   | Learned a level 2 spell: Sublimation of Blood
 14082 | Lair:4   | Identified the amulet "Joeb Paa" {Acrobat Rampage Str+3
                  | Dex+2}
 14147 | Lair:4   | Found a staircase to the Slime Pits.
 14664 | Orc:2    | Noticed an orc warlord
 14689 | Orc:2    | Killed an orc warlord
 14692 | Orc:2    | Found Suuxtead's Book Shoppe.
 14726 | Orc:2    | Found Erishrosk's Antique Weapon Shoppe.
 14743 | Orc:2    | Found Kayt's Antique Armour Shoppe.
 14749 | Orc:2    | Bought a pair of runed gloves for 180 gold pieces
 14769 | Orc:2    | Found Tinegg's General Store.
 14850 | Orc:2    | Found a staircase to the Elven Halls.
 14927 | Orc:2    | Killed Saint Roka
 15239 | D:11     | Found a shadowy altar of Dithmenos.
 15252 | D:11     | Found a runed translucent gate.
 15252 | D:11     | Noticed DildoBatman's ghost (journeyman FoCj)
 15253 | D:11     | Found a runed translucent gate.
 15254 | D:11     | Found a runed translucent gate.
 15564 | D:11     | Killed DildoBatman's ghost
 15739 | D:5      | Killed Mrcake's ghost
 15964 | D:12     | Reached skill level 5 in Short Blades
 16195 | D:12     | Found a runed translucent door.
 16236 | D:12     | HP: 6/175 [+2 vampiric demon whip (12)]
 16239 | D:12     | Slain by a +2 vampiric demon whip

Illustrated notes

Levels and vault maps discovered:
D:1:      lightli_arrival_isolated_outpost, layout_basic
D:2:      layout_loops_ring, basic_altar, minmay_pentomino_pile
D:3:      layout_rooms, mainiacjoe_overflow_concentric_impassable,
          pdpol_wu_jian_five_deadly_venoms, serial_bayou_ford_a
D:4:      layout_loops_ring, minmay_temple_entry_proselytizer,
          nicolae_twisty_statue_hallways, uniq_robin
D:5:      layout_layer_cave, nicolae_hepliaklqana_hazy_memory,
          mainiacjoe_overflow_catwalk_spiral, gup_ossuary_entry_pyramid,
          ebering_ghost_sewer_d, uniq_menkaure, uniq_grinder
D:6:      layout_basic, serial_shops, nicolae_shop_stone
D:7:      layout_basic, gammafunk_temple_overflow_forgotten,
          mainiacjoe_overflow_boulevard, nicolae_shop_distant_corner_stores,
          chequers_decorated_corner
D:8:      bobbens_index_wilting_gardens, layout_loops_ring, st_stairs_14
D:9:      layout_small_grid, minmay_fractal_squares_gapless_5
D:10:     layout_roguey, regret_index_xom_of_box, nemelex_altar_shiori,
          minmay_lair_entry_grove, david_orc_2, serial_shops,
          nicolae_shop_tiny_statue_garden, grunt_ministairs_4, uniq_fannar,
          uniq_lodul
D:11:     layout_rooms, gammafunk_ghost_split, grunt_dithmenos_smoke
D:12:     layout_long_grid, nicolae_danse_macabre
Temple:   minmay_freezing_vapour_temple
Lair:1:   lemuel_slime, layout_gridlike, gauntlet_entry_generic,
          serial_bayou_pond_c, lemuel_fruit_tree, lemuel_fruit_fields,
          serial_bayou_shore_b
Lair:2:   layout_cave_shapes, nicolae_shoals_entry_roost, serial_bayou_lagoon_a,
          minmay_lair_oklob_items
Lair:3:   layout_gridlike, nicolae_spider_entry_non_spiders
Lair:4:   cheibrodos_lair_river_kwai, layout_cave_pods, slime_entry_1,
          st_stairs_8, beast_lair_carwin_1
Orc:1:    layout_caves, basic_altar
Orc:2:    grunt_orc_cross, layout_caves, uniq_saint_roka

Skill      XL: |  1  2  3  4  5  6  7  8  9 10 11 12 13 14 |
---------------+-------------------------------------------+-----
Alchemy        | 4 5 6 7 8 9 10 | 10.1
Stealth        | 4 5 6 7 8 9 11 12 | 12.0
Conjurations   | 2 4 5 |  5.0
Spellcasting   | 3 4 5 6 8 10 11 13 | 13.1
Fire Magic     | 2 4 5 |  5.0
Air Magic      | 3 5 |  5.0
Necromancy     | 2 4 7 10 11 13 | 13.1
Translocations | 4 5 |  5.0
Fighting       | 4 5 |  5.0
Armour         | 5 |  5.0
Short Blades   | 2 5 |  5.4
Dodging        | |  1.5

Action                     |  1- 3 |  4- 6 |  7- 9 | 10-12 | 13-15 || total
---------------------------+-------+-------+-------+-------+-------++-------
  Melee: Short sword       |     9 |    16 |       |       |       ||    25
         Whip              |       |    14 |       |       |       ||    14
         Mace              |       |     3 |   103 |   108 |       ||   214
         Dagger            |       |     1 |     6 |     1 |   240 ||   248
         Rapier            |       |       |       |   176 |    10 ||   186
         Punch             |       |       |       |     5 |     5 ||    10
         Constrict         |       |       |       |       |    66 ||    66
         Staff             |       |       |       |       |    18 ||    18
   Cast: Sting             |    26 |    52 |    82 |    37 |    35 ||   232
         Mephitic Cloud    |       |     1 |     8 |    29 |    25 ||    63
         Sticky Flame      |       |       |    16 |    48 |    40 ||   104
         Olgreb's Toxic Ra |       |       |     7 |    26 |    26 ||    59
         Fulminant Prism   |       |       |       |    25 |    42 ||    67
         Dispel Undead     |       |       |       |     3 |    13 ||    16
         Blink             |       |       |       |     3 |     6 ||     9
         Death Channel     |       |       |       |     2 |     8 ||    10
         Martyr's Knell    |       |       |       |     2 |     3 ||     5
         Sublimation of Bl |       |       |       |       |     1 ||     1
 Invoke: Torment           |       |       |       |     1 |       ||     1
         Receive Forbidden |       |       |       |       |     1 ||     1
         Unearth Wretches  |       |       |       |       |     5 ||     5
Ability: Spit Poison       |    25 |    50 |    47 |    79 |    61 ||   262
  Evoke: Wand              |       |       |     2 |       |     2 ||     4
    Use: Scroll            |       |     2 |     7 |     9 |     4 ||    22
         Potion            |       |       |     2 |     1 |     5 ||     8
   Stab: Sleeping          |     3 |     4 |     5 |     6 |     8 ||    26
         Confused          |       |     1 |     1 |    13 |     3 ||    18
         Invisible         |       |       |     3 |       |       ||     3
         Distracted        |       |       |       |     1 |     3 ||     4
         Paralysed         |       |       |       |       |     2 ||     2
 Armour: Robe              |     6 |    37 |    52 |   186 |     4 ||   285
         Skin              |       |       |     4 |    41 |    37 ||    82
         Troll leather arm |       |       |       |       |   199 ||   199
  Dodge: Dodged            |     4 |    36 |    76 |   196 |   189 ||   501
